 Dungeon Crawl Stone Soup version 0.29.1-1-gd02db6906a (webtiles) character file.

Game seed: 16685914190384806571

3 Earthwalker the Covered (level 1, -1/20 HPs)
             Began as a Minotaur Fighter on Oct 10, 2022.
             Slain by an adder (2 damage)
             ... on level 2 of the Dungeon.
             The game lasted 00:01:00 (460 turns).

Earthwalker the Covered (Minotaur Fighter)           Turns: 460, Time: 00:01:02

Health: -1/20      AC:  7    Str: 20    XL:     1   Next: 41%
Magic:  0/0        EV:  9    Int:  5    God:
Gold:   0          SH:  4    Dex:  9    Spells: 0/0 levels left

rFire   . . .      SeeInvis .   a - +0 trident
rCold   . . .      Faith    .   c - +0 buckler
rNeg    . . .      Spirit   .   b - +0 scale mail
rPois   .          Reflect  .   (helmet restricted)
rElec   .          Harm     .   (no cloak)
rCorr   .          Rampage  .   (no gloves)
Will    .....                   (no boots)
Stlth   ..........              (no amulet)
HPRegen 0.06/turn               (no ring)
MPRegen 0.07/turn               (no ring)

@: no status effects
A: horns 2, retaliatory headbutt
a: no special abilities


You were on level 2 of the Dungeon.
You visited 1 branch of the dungeon, and saw 2 of its levels.

Inventory:

Hand Weapons
 a - a +0 trident (weapon)
 g - the +8 mace "Huaxihaa" {vorpal, rPois rCorr Str+4}
   (You took it off a hobgoblin on level 2 of the Dungeon)

   It inflicts extra damage upon your enemies.
   Str:       It affects your strength (+4).
   rPois:     It protects you from poison.
   rCorr:     It protects you from acid and corrosion.
Armour
 b - a +0 scale mail (worn)
 c - a +0 buckler (worn)
Scrolls
 e - a scroll of blinking {unknown}
 f - a scroll of vulnerability {unknown}
Potions
 d - a potion of might
 h - a potion of mutation {unknown}


   Skills:
 * Level 3.6 Fighting
 * Level 2.4 Polearms
 * Level 3.7 Armour
 * Level 3.7 Shields


You couldn't memorise any spells.
You didn't know any spells.
Your spell library was empty.

Dungeon Overview and Level Annotations

Branches:
Dungeon (1/15)

Altars:


Innate Abilities, Weirdness & Mutations

You have a pair of horns on your head.
You reflexively headbutt those who attack you in melee.


Message History

You kill the hobgoblin!
You see here a hobgoblin corpse.
h - a red potion
Found an escape hatch in the floor.
There is an escape hatch in the floor here.
You open the door.
An adder comes into view.
The adder hisses angrily.
Found 22 gold pieces.
You barely miss the adder. The adder bites you but does no damage.
You barely miss the adder. The adder bites you.
The adder bites you but does no damage.
You closely miss the adder. Your headbutt misses the adder.
The adder barely misses you.
You barely miss the adder. The adder bites you.
You are poisoned.
The adder poisons you! The adder barely misses you.
You hit the adder.
The adder is lightly wounded.
You feel sick. The adder bites you. The adder bites you but does no damage.
You miss the adder. You headbutt the adder.
The adder is heavily wounded.
You feel sick. You block the adder's attack.
You hit the adder.
The adder is severely wounded.
You feel sick. The adder bites you.
* * * LOW HITPOINT WARNING * * *
The adder barely misses you.
You closely miss the adder.
The adder is severely wounded.
You feel sick. The adder bites you.
* * * LOW HITPOINT WARNING * * *
You closely miss the adder.
The adder is severely wounded.
You feel sick.
You are no longer poisoned.
The adder bites you.
* * * LOW HITPOINT WARNING * * *
The adder bites you.
You die...

### #### ..#
####... #.#
#.....# #
#.##########.....#
+.
#.#.......##...^.#
#..
#.#>#####.##.....#
#...#.#.##
#.##.....#
#...S@...#
#.##.....#
#...###..#
#.#####'## ..$..
....# #.# #.# ....
####.####.# #.#
... ........# #.#
$.
#.####.†#####.## .
. #.......... #.
#......#...
#......#...


You could see an adder.

Vanquished Creatures
  2 hobgoblins (D:2)
  A frilled lizard (D:2)
3 creatures vanquished.

Notes
Turn   | Place    | Note
-------+----------+-------------------------------------------
     0 | D:1      | Earthwalker the Minotaur Fighter began the quest for the
                  | Orb.
     0 | D:1      | Reached XP level 1. HP: 19/19 MP: 0/0
     4 | D:1      | You fall into a shaft and drop 1 floor!
    79 | D:2      | Identified the +8 mace "Huaxihaa" {vorpal, rPois rCorr
                  | Str+4}
   460 | D:2      | HP: 1/20 [adder (1)]
   460 | D:2      | Slain by an adder

Illustrated notes

Levels and vault maps discovered:
D:1:      onia_arrival_pyramid, layout_rooms, minmay_hexomino_r4
D:2:      layout_basic, ebering_ecumenical_altar_webs, basic_altar,
          kennysheep_another_room

Action                   || total
-------------------------++-------
Melee: Trident           ||    16
       Headbutt          ||     2
Armor: Scale mail        ||     4
Dodge: Dodged            ||     6
Block: Buckler           ||     3
